 Dungeon Crawl Stone Soup version 0.28-a0-533-g9f97627e2a (webtiles) character file.

Game seed: 3355439819994000122

72734 shoop the Black Sun (level 15, -4/63 (72) HPs)
             Began as a Vine Stalker Warper on Sept 25, 2021.
             Was a High Priest of Kikubaaqudgha.
             Killed from afar by a deep elf zephyrmancer (43 damage)
             ... with a bolt of lightning
             ... on level 1 of the Elven Halls on Sept 26, 2021.
             The game lasted 01:38:21 (21837 turns).

shoop the Black Sun (Vine Stalker Warper)          Turns: 21837, Time: 01:38:25

HP:   -4/63 (72)    AC: 15    Str: 14    XL:     15   Next: 41%
MP:   0/31          EV: 14    Int: 17    God:    Kikubaaqudgha [*****.]
Gold: 817           SH:  7    Dex: 16    Spells: 23/37 levels left

rFire   . . .      SeeInvis .   a - +6 quick blade (flame)
rCold   + + .      Faith    .   M - +2 buckler
rNeg    . . .      Spirit   +   D - +0 robe of Light {rC++ rCorr Int-3 Slay+3}
rPois   .          Reflect  .   V - +2 helmet {Int+3}
rElec   .          Harm     .   W - +1 cloak
rCorr   +          Rampage  .   l - +0 pair of gloves
Will    ++...                   r - +2 pair of boots
Stlth   ++++......              J - amulet of regeneration
HPRegen 2.20/turn               p - +4 ring of protection
MPRegen 0.22/turn               u - ring of willpower

@: heavily drained
A: fangs 3, regeneration 1, magic shield, antimagic bite, no potion heal 2
a: Renounce Religion, Receive Corpses, Torment


You were on level 1 of the Elven Halls.
You worshipped Kikubaaqudgha.
Kikubaaqudgha was extremely pleased with you.
You visited 5 branches of the dungeon, and saw 20 of its levels.
You visited the Abyss 1 time.

You collected 2782 gold pieces.
You spent 1965 gold pieces at shops.

Inventory:

Hand Weapons
 a - a +6 quick blade of flaming (weapon)
 b - a +2 dagger of electrocution
 H - the +9 sword of Zonguldrok {reap}
   (You found it on level 13 of the Dungeon)

   Any living foe damaged by it may be reanimated upon death as a zombie
   friendly to the wielder, with an increasing chance as more damage is dealt.
Missiles
 d - 5 boomerangs of dispersal (quivered)
 U - 10 javelins
Armour
 f - the +2 shield of Resistance {rF++ rC++ Will++}
   (You found it on level 1 of the Elven Halls)

   rF:        It greatly protects you from fire.
   rC:        It greatly protects you from cold.
   Will:      It greatly increases your willpower.
 l - a +0 pair of gloves (worn)
 r - a +2 pair of boots (worn)
 D - the +0 robe of Light (worn) {rC++ rCorr Int-3 Slay+3}
   (You found it on level 11 of the Dungeon)

   Int:       It affects your intelligence (-3).
   Slay:      It affects your accuracy & damage with ranged weapons and melee
   (+3).
   rC:        It greatly protects you from cold.
   rCorr:     It protects you from acid and corrosion.
 I - a +0 leather armour of cold resistance
 K - a +2 robe of the Archmagi
 M - a +2 buckler (worn)
 T - a +4 ring mail
 V - a +2 helmet of intelligence (worn)
 W - a +1 cloak (worn)
Jewellery
 e - a ring of protection from fire
 g - a ring of see invisible
 p - a +4 ring of protection (left hand)
 u - a ring of willpower (right hand)
 x - a +6 ring of intelligence
 y - a ring of magical power
 A - a ring of positive energy
 J - an amulet of regeneration (around neck)
 Q - a +4 ring of evasion
Wands
 v - a wand of mindburst (17)
 B - a wand of acid (12)
 E - a wand of paralysis (13)
 L - a wand of iceblast (3)
 R - a wand of flame (40)
 S - a wand of charming (5)
Scrolls
 c - 3 scrolls of blinking
 i - a scroll of fear
 k - 4 scrolls of teleportation
 n - a scroll of silence
 o - 2 scrolls of immolation
 q - 2 scrolls of enchant armour
 s - a scroll of amnesia
 C - 4 scrolls of magic mapping
 G - a scroll of vulnerability
 N - a scroll of fog
Potions
 h - 8 potions of curing
 j - 5 potions of brilliance
 m - 2 potions of ambrosia
 t - 5 potions of mutation
 w - 4 potions of lignification
 F - a potion of berserk rage
 O - 3 potions of invisibility
 P - 3 potions of might
 X - 2 potions of attraction
 Y - a potion of cancellation
 Z - a potion of haste
Miscellaneous
 z - a phial of floods


   Skills:
 - Level 5.0 Fighting
 - Level 11.4 Short Blades
 - Level 0.8 Throwing
 - Level 2.0 Armour
 - Level 5.0 Dodging
 - Level 9.0 Stealth
 - Level 4.0 Shields
 + Level 11.6 Spellcasting
 * Level 15.1 Necromancy
 - Level 6.0 Translocations
 + Level 8.3 Ice Magic
 - Level 3.0 Evocations


You had 23 spell levels left.
You knew the following spells:

 Your Spells              Type           Power      Damage    Failure   Level
a - Lesser Beckoning      Tloc           30%        N/A       1%          3
b - Blink                 Tloc           N/A        N/A       1%          2
c - Teleport Other        Tloc           30%        N/A       1%          3
d - Simulacrum            Ice/Necr       24%        N/A       9%          6

Your spell library contained the following spells:

 Spells                   Type           Power      Damage    Failure   Level
 Pain                     Necr           100%       1d9       0%          1
 Freeze                   Ice            100%       1d11      1%          1
 Corpse Rot               Necr/Air       N/A        N/A       1%          2
 Sublimation of Blood     Necr           28%        N/A       1%          2
 Frozen Ramparts          Ice            76%        1d9       1%          3
 Gell's Gravitas          Tloc           15%        N/A       1%          3
 Vampiric Draining        Necr           28%        2d10      1%          3
 Dispel Undead            Necr           57%        3d20      1%          4
 Agony                    Necr           57%        N/A       1%          5
 Excruciating Wounds      Necr           28%        N/A       1%          5
 Death Channel            Necr           28%        N/A       2%          6
 Scorch                   Fire           18%        2d5       11%         2
 Hailstorm                Conj/Ice       24%        3d7       13%         4
 Manifold Assault         Tloc           30%        N/A       17%         5
 Ignite Poison            Fire/Tmut/Pois 9%         N/A       22%         3
 Mephitic Cloud           Conj/Pois/Air  9%         N/A       22%         3
 Summon Forest            Summ/Tloc      10%        N/A       52%         5
 Freezing Cloud           Conj/Ice/Air   9%         6-21      54%         5
 Animate Armour           Summ/Erth      18%        N/A       58%         4
 Flame Wave               Conj/Fire      9%         3d4       58%         4
 Dispersal                Tloc           15%        N/A       67%         6
 Blade Hands              Tmut           4%         N/A       90%         5
 Summon Mana Viper        Hex/Summ       9%         N/A       90%         5
 Iron Shot                Conj/Erth      4%         9d2       100%        6
 Summon Cactus Giant      Summ           4%         N/A       100%        6
 Malign Gateway           Summ/Tloc      10%        N/A       100%        7
 Disjunction              Tloc           15%        N/A       100%        8
 Summon Horrible Things   Summ           4%         N/A       100%        8


Dungeon Overview and Level Annotations

Branches:
Dungeon (15/15)            Temple (1/1) D:4            Lair (0/6) D:11
    Orc (2/2) D:10            Elf (1/3) Orc:2        Vaults (0/5) D:14
 Depths (1/4) D:15

Altars:
Ashenzari
Cheibriados
Elyvilon
Fedhas
Gozag
Hepliaklqana
Kikubaaqudgha
Makhleb
Okawaru
Qazlal
Ru
Sif Muna
Vehumet
Wu Jian
Yredelemnul
Zin
The Shining One

Shops:
D:1 *   D:4 [   D:7 =   D:11 *   Orc:1 [   Orc:2 !![!

Portals:
Bazaar: Elf:1
Trove: D:10 (give horn of Geryon)

Annotations:
D:7 SkeletonJelly's ghost, novice DsCK
D:12 3 runed translucent doors, Girdio's ghost, journeyman DDFi; spiderkeys's ghost, journeyman GnAK
D:13 exclusion: centaur warrior
Elf:1 exclusion: dancing weapon


Innate Abilities, Weirdness & Mutations

You have razor-sharp teeth.
Your natural rate of healing is unusually fast.
When hurt, damage is shared between your health and your magic reserves.
Your bite disrupts and absorbs the magic of your enemies.
Potions cannot restore your health.


Message History

You closely miss the fire elemental.
The fire elemental is severely damaged.
Your shapeshifter simulacrum hits the fire elemental.
Your shapeshifter simulacrum freezes the fire elemental!!
The fire elemental is frozen!
The fire elemental is destroyed!
The fire elemental disappears in a puff of smoke!
Your shapeshifter simulacrum closely misses the fire elemental.
The fire elemental barely misses your shapeshifter simulacrum.
You see here an elf corpse.
Casting: Simulacrum (quite dangerous; 9% risk of failure)
Confirm with . or Enter, or press ? or * to list all spells.
The spell is quite dangerous to cast (9% risk of failure)!
Continue anyway?
You attempt to give life to the dead...
Your shapeshifter simulacrum barely misses the fire elemental.
The fire elemental hits your shapeshifter simulacrum.
The fire elemental burns your shapeshifter simulacrum!
Your shapeshifter simulacrum melts!
Unknown command.
The fire elemental barely misses your shapeshifter simulacrum.
The deep elf sorcerer is engulfed in blazing flames.
The deep elf sorcerer gestures wildly while chanting.
The deep elf sorcerer seems to speed up.
Your shapeshifter simulacrum hits the fire elemental.
Your shapeshifter simulacrum freezes the fire elemental!!
The fire elemental is frozen!
Your shapeshifter simulacrum hits the fire elemental.
Your shapeshifter simulacrum freezes the fire elemental!!
The fire elemental is frozen!
The fire elemental is destroyed!
The fire elemental disappears in a puff of smoke!
The deep elf zephyrmancer casts a spell at you.
The bolt of lightning hits your shapeshifter simulacrum!!!
Your shapeshifter simulacrum vaporises!
The bolt of lightning hits your shapeshifter simulacrum.
The bolt of lightning hits your elf simulacrum!
The bolt of lightning hits you!!!
Ouch! That really hurt!
You die...
Kikubaaqudgha rasps: "You have failed me!
Welcome... death!"

###################
#...........ZZ@Z§Z# #
#.#####'#.#.#Z#Z#e#### .(#
###
#.#......)#.#.#Z#○...##....
#..
#.#.............○○...e.....
###
#.#..#'########..e#.ee.....
#.#..#.. ##....E##....
#.'..#..# ##....○# ..#
#.#..#..# .'..#..☼## ###
#.#..##'## ..'........ ..


You could see a deep elf sorcerer (fast), a deep elf zephyrmancer (ally target),
4 friendly elf simulacra and 3 friendly shapeshifter simulacra.

Vanquished Creatures
  Jorgrun (D:13)
  A lich (Abyss:2)
  Donald (Elf:1)
  A stone giant (D:15)
  Snorg (D:12)
  2 statues (D:13)
  An ettin (D:15)
  3 hydras
  An ogre mage (D:15)
  3 centaur warriors
  3 dancing weapons (Elf:1)
  7 two-headed ogres
  5 orc high priests (Orc:2)
  Urug (D:13)
  2 tengu warriors (D:15)
  A thrashing horror (Abyss:2)
  Nergalle (D:11)
  2 deep elf knights (Elf:1)
  A sixfirhy (Abyss:2)
  A flayed ghost (D:15)
  3 wizards
  6 deep elf pyromancers
  A necromancer (Abyss:2)
  A phantasmal warrior (D:15)
  8 orc knights
  14 ugly things
  5 deep elf zephyrmancers
  4 manticores
  5 orc sorcerers
  3 cyclopes
  A stone giant zombie (Abyss:2)
  A spriggan zombie (Abyss:2)
  3 smoke demons (Abyss:2)
  4 centaur zombies
  3 unseen horrors
  An unseen horror (shapeshifter) (D:13)
  6 tengu conjurers
  A yaktaur (shapeshifter) (D:15)
  A komodo dragon (D:5)
  A queen bee (shapeshifter) (D:14)
  4 trolls
  Grinder (D:3)
  A raiju (shapeshifter) (D:14)
  3 raiju (Abyss:2)
  A hornet (D:8)
  2 dream sheep (shapeshifter)
  8 large abominations
  A meliai zombie (D:11)
  2 centaur simulacra (D:14)
  A shadow (D:13)
  4 wraiths
  3 air elementals (Elf:1)
  Eustachio (D:6)
  2 basilisks
  6 yaks
  3 steam dragons (D:7)
  A golden eye (Abyss:2)
  2 neqoxecs (Abyss:2)
  6 vampire mosquitoes (D:12)
  5 wargs
  A water moccasin (D:7)
  Duvessa (D:6)
  A black bear (D:5)
  34 orc warriors
  A hornet zombie (D:9)
  12 ogres
  5 centaurs
  2 phantoms (D:7)
  3 kobold brigands
  A small abomination (Abyss:2)
  A bullfrog (D:9)
  4 scorpions
  2 wyvern zombies
  3 gnoll sergeants
  Dowan (D:6)
  A jelly (D:4)
  2 wights
  10 killer bees
  An electric eel (D:10)
  7 howler monkeys
  3 hounds
  2 centaur skeletons
  17 orc priests
  3 bullfrog skeletons
  A gnoll shaman (D:5)
  9 orc wizards
  Jessica (D:2)
  5 iguanas
  A hound skeleton (D:5)
  A howler monkey zombie (D:9)
  13 gnolls
  4 adders
  2 shadow imps (D:7)
  4 white imps
  2 ufetubi (Abyss:2)
  3 worms
  11 dart slugs
  51 orcs
  10 endoplasms
  3 giant cockroaches
  6 hobgoblins
  2 jackals (D:2)
  2 quokkas
  4 ball pythons
  9 bats
  7 frilled lizards
  7 goblins
  10 kobolds
  5 rats
459 creatures vanquished.

Vanquished Creatures (collateral kills)
  A tentacled starspawn (Abyss:2)
  A deep elf pyromancer (D:13)
  2 ugly things (D:14)
  A smoke demon (Abyss:2)
  A tengu conjurer (D:13)
  An ancient zyme (Abyss:2)
  4 raiju (Abyss:2)
11 creatures vanquished.

Vanquished Creatures (others)
  An orc (D:7)
  2 starspawn tentacles (Abyss:2)
  6 withered plants (D:12)
9 creatures vanquished.

Grand Total: 479 creatures vanquished

Notes
Turn   | Place    | Note
-------+----------+-------------------------------------------
     0 | D:1      | shoop the Vine Stalker Warper began the quest for the Orb.
     0 | D:1      | Reached XP level 1. HP: 11/11 MP: 4/4
   423 | D:1      | Reached skill level 1 in Stealth
   423 | D:1      | Reached XP level 2. HP: 14/15 MP: 4/6
   426 | D:1      | Learned a level 2 spell: Blink
   568 | D:1      | Found Yblolok's Assorted Antiques.
  1330 | D:1      | Reached XP level 3. HP: 17/18 MP: 7/7
  1535 | D:2      | Found a faded altar of an unknown god.
  1596 | D:2      | Noticed Jessica
  1769 | D:2      | Learned a level 3 spell: Lesser Beckoning
  2039 | D:2      | Killed Jessica
  2040 | D:2      | Gained mutation: Your natural rate of healing is unusually
                  | fast. [Vine Stalker growth]
  2040 | D:2      | Reached XP level 4. HP: 23/23 MP: 8/8
  2130 | D:3      | Found a shimmering blue altar of Sif Muna.
  2665 | D:3      | Reached XP level 5. HP: 21/26 MP: 4/9
  2752 | D:4      | Found a staircase to the Ecumenical Temple.
  2761 | Temple   | Entered the Ecumenical Temple
  2769 | Temple   | Became a worshipper of Kikubaaqudgha
  2838 | D:4      | Noticed Grinder
  2857 | D:4      | Noticed a kobold brigand
  3137 | D:4      | Found Oziv's Antique Armour Emporium.
  3141 | D:4      | Bought a pair of runed boots for 165 gold pieces
  3457 | D:3      | Paralysed by Grinder for 2 turns
  3492 | D:4      | Reached skill level 5 in Short Blades
  3492 | D:4      | Reached XP level 6. HP: 28/30 MP: 8/10
  3667 | D:5      | Entered Level 5 of the Dungeon
  3802 | D:5      | Reached XP level 7. HP: 34/35 MP: 9/11
  3865 | D:5      | Learned a level 3 spell: Teleport Other
  3899 | D:5      | Found a radiant altar of Vehumet.
  4236 | D:5      | Noticed a komodo dragon
  4305 | D:5      | Reached skill level 1 in Armour
  4388 | D:5      | Killed a komodo dragon
  4389 | D:5      | Gained mutation: You have razor-sharp teeth. [Vine Stalker
                  | growth]
  4389 | D:5      | Reached XP level 8. HP: 38/39 MP: 2/12
  4850 | D:5      | Found a shimmering blue altar of Sif Muna.
  4861 | D:5      | Reached skill level 5 in Stealth
  4871 | D:5      | Reached skill level 1 in Evocations
  4944 | D:6      | Found a sacrificial altar of Ru.
  5043 | D:3      | Killed Grinder
  5089 | D:1      | Bought a scroll labelled WUN KICVUGGAC for 26 gold pieces
  5089 | D:1      | Bought a scroll labelled NIYXERARUYFO for 26 gold pieces
  5089 | D:1      | Bought a scroll labelled ZAOFOJ VYCZODGH for 26 gold pieces
  5295 | D:6      | Reached * piety under Kikubaaqudgha
  5295 | D:6      | Received a gift from Kikubaaqudgha
  5355 | D:6      | Noticed Dowan
  5356 | D:6      | Noticed Eustachio
  5364 | D:6      | Noticed Duvessa
  5378 | D:6      | Killed Dowan
  5500 | D:5      | Reached XP level 9. HP: 35/43 MP: 10/13
  5615 | D:5      | Reached skill level 5 in Translocations
  5700 | D:6      | Killed Eustachio
  5715 | D:6      | Killed Duvessa
  6332 | D:7      | Found a transporter.
  6349 | D:7      | Found a transporter.
  6501 | D:7      | Found Piuz's Jewellery Shoppe.
  6546 | D:7      | Noticed SkeletonJelly's ghost (novice DsCK)
  6557 | D:7      | Reached XP level 10. HP: 48/49 MP: 14/14
  6627 | D:7      | Reached ** piety under Kikubaaqudgha
  6998 | D:8      | Reached skill level 1 in Shields
  7332 | D:8      | Paralysed by a hornet for 2 turns
  7363 | D:8      | Found a white marble altar of Elyvilon.
  8035 | D:9      | Found a glowing golden altar of the Shining One.
  8173 | D:9      | Reached skill level 10 in Short Blades
  8534 | D:10     | Entered Level 10 of the Dungeon
  8590 | D:10     | Found a stormy altar of Qazlal.
  8593 | D:10     | Noticed a two-headed ogre
  8639 | D:10     | Killed a two-headed ogre
  8752 | D:10     | Found an ornate altar of the Wu Jian Council.
  8906 | D:10     | Found a staircase to the Orcish Mines.
  8973 | D:10     | Reached *** piety under Kikubaaqudgha
  8973 | D:10     | Received a gift from Kikubaaqudgha
  9033 | D:10     | Found a burning altar of Makhleb.
  9092 | D:10     | Found a portal to a secret trove of treasure.
  9170 | D:10     | Reached XP level 11. HP: 52/52 MP: 15/15
  9556 | D:10     | Acquired a +4 quick blade
  9640 | D:11     | Found a staircase to the Lair.
  9826 | D:11     | Noticed a five-headed hydra
  9950 | D:11     | Identified the +0 robe of Light {rC++ rCorr Int-3 Slay+3}
 10105 | D:11     | Noticed Nergalle
 10121 | D:11     | Found Qacwaolyx's Mass Market.
 10267 | D:11     | Killed Nergalle
 10558 | D:11     | Killed a five-headed hydra
 10631 | D:12     | Reached skill level 5 in Fighting
 10643 | D:12     | Reached skill level 5 in Dodging
 10663 | D:12     | Reached skill level 1 in Necromancy
 10690 | D:12     | Reached skill level 2 in Necromancy
 10725 | D:12     | Found a runed translucent gate.
 10730 | D:12     | Found a runed translucent gate.
 10730 | D:12     | Found a runed translucent gate.
 10731 | D:12     | Noticed Girdio's ghost (journeyman DDFi)
 10732 | D:12     | Noticed spiderkeys's ghost (journeyman GnAK)
 10765 | D:12     | Noticed an eight-headed hydra
 10817 | D:12     | Noticed a deep elf pyromancer
 10882 | D:12     | Noticed a manticore
 10884 | D:12     | Killed a manticore
 11002 | D:12     | Noticed a cyclops
 11426 | D:12     | Killed a cyclops
 11427 | D:12     | Reached skill level 3 in Necromancy
 11670 | D:12     | Noticed Snorg
 11946 | Orc:1    | Entered Level 1 of the Orcish Mines
 11946 | Orc:1    | Noticed an orc sorcerer
 11949 | Orc:1    | Killed an orc sorcerer
 11950 | Orc:1    | Reached skill level 4 in Necromancy
 12087 | Orc:1    | Found Tinkos's Antique Armour Emporium.
 12092 | Orc:1    | Reached XP level 12. HP: 60/60 MP: 19/19
 12400 | Orc:2    | Entered Level 2 of the Orcish Mines
 12444 | Orc:2    | Reached skill level 5 in Spellcasting
 12444 | Orc:2    | Reached skill level 5 in Necromancy
 12833 | Orc:2    | Reached **** piety under Kikubaaqudgha
 13049 | Orc:2    | Reached skill level 6 in Necromancy
 13190 | Orc:2    | Noticed an orc high priest
 13420 | Orc:2    | Killed an orc high priest
 13663 | Orc:1    | Reached skill level 7 in Necromancy
 13802 | Orc:2    | Found Dynim's Distillery.
 13923 | Orc:2    | Found a staircase to the Elven Halls.
 14416 | Orc:2    | Reached ***** piety under Kikubaaqudgha
 14417 | Orc:2    | Reached skill level 8 in Necromancy
 14426 | Orc:2    | Noticed an orc high priest
 14457 | Orc:2    | Noticed an orc high priest
 14493 | Orc:2    | Killed an orc high priest
 14531 | Orc:2    | Killed an orc high priest
 14579 | Orc:2    | Noticed an orc high priest
 14629 | Orc:2    | Killed an orc high priest
 14630 | Orc:2    | Reached skill level 9 in Necromancy
 14672 | Orc:2    | Noticed an orc high priest
 14712 | Orc:2    | Killed an orc high priest
 14882 | Orc:2    | Reached XP level 13. HP: 42/63 MP: 9/25
 15319 | Orc:2    | Found Kutal's Magic Scroll Shop.
 15319 | Orc:2    | Found Hufic's Armour Shop.
 15320 | Orc:2    | Found Letitep's Distillery.
 15320 | Orc:2    | Found Laeraysch's Distillery.
 15331 | Orc:2    | Bought a +2 helmet of intelligence for 279 gold pieces
 15336 | Orc:2    | Bought a +1 cloak for 149 gold pieces
 15342 | Orc:2    | Bought a potion of lignification for 51 gold pieces
 15342 | Orc:2    | Bought a potion of attraction for 51 gold pieces
 15342 | Orc:2    | Bought a potion of brilliance for 68 gold pieces
 15342 | Orc:2    | Bought a potion of mutation for 136 gold pieces
 15345 | Orc:2    | Bought a scroll of magic mapping for 45 gold pieces
 15346 | Orc:2    | Bought a potion of cancellation for 120 gold pieces
 15347 | Orc:2    | Acquired 943 gold pieces
 15350 | Orc:2    | Bought a potion of ambrosia for 120 gold pieces
 15410 | Orc:2    | Bought a potion of haste for 170 gold pieces
 15470 | Orc:2    | Bought a scroll of teleportation for 39 gold pieces
 15470 | Orc:2    | Bought a scroll of teleportation for 39 gold pieces
 15470 | Orc:2    | Bought a scroll of teleportation for 39 gold pieces
 15470 | Orc:2    | Bought a scroll of teleportation for 39 gold pieces
 15470 | Orc:2    | Bought a scroll of identify for 26 gold pieces
 15471 | Orc:2    | Bought a scroll of identify for 26 gold pieces
 15555 | Orc:2    | Reached skill level 10 in Necromancy
 15669 | D:7      | Bought a ring of willpower for 325 gold pieces
 15828 | D:13     | Learned a level 6 spell: Simulacrum
 16043 | D:13     | Reached skill level 1 in Ice Magic
 16301 | D:13     | Noticed Urug
 17211 | D:15     | Entered Level 15 of the Dungeon
 17248 | D:15     | Reached skill level 11 in Necromancy
 17905 | D:15     | Reached skill level 12 in Necromancy
 18003 | D:15     | Reached XP level 14. HP: 64/68 MP: 22/28
 18034 | D:15     | Found a staircase to the Depths.
 18034 | D:15     | Noticed a stone giant
 18036 | D:15     | Killed a stone giant
 18287 | D:15     | Reached skill level 5 in Ice Magic
 18315 | D:15     | Found a runed translucent door.
 18381 | D:15     | Identified the +7 scythe "Rimacw" {vorpal, Str+3 Int+3}
 18524 | D:14     | Reached skill level 10 in Spellcasting
 18645 | D:14     | Cast into level 2 of the Abyss (a wizard)
 18645 | Abyss:2  | Found a corrupted altar of Lugonu.
 18710 | Abyss:2  | Found an opulent altar of Gozag.
 18766 | Abyss:2  | Found an opulent altar of Gozag.
 18821 | Abyss:2  | Found an opulent altar of Gozag.
 18909 | Abyss:2  | Reached skill level 13 in Necromancy
 19036 | Abyss:2  | Found a stormy altar of Qazlal.
 19232 | Abyss:2  | Noticed a lich
 19251 | Abyss:2  | Killed a lich
 19368 | Abyss:2  | Noticed a tentacled starspawn
 19392 | Abyss:2  | Noticed a tentacled starspawn
 19408 | Abyss:2  | Killed a tentacled starspawn
 19442 | D:14     | Escaped the Abyss
 19664 | D:14     | Found a gate to the Vaults.
 19813 | D:13     | Killed Urug
 19848 | D:13     | Reached skill level 14 in Necromancy
 20141 | D:13     | Reached XP level 15. HP: 72/72 MP: 27/31
 20144 | D:13     | Found a radiant altar of Vehumet.
 20144 | D:13     | Noticed Jorgrun
 20168 | D:13     | Killed Jorgrun
 20286 | D:13     | Found the +9 sword of Zonguldrok {reap}
 20588 | D:12     | Killed Snorg
 20723 | Depths:1 | Entered Level 1 of the Depths
 20723 | Depths:1 | Noticed a lich
 20998 | Elf:1    | Entered Level 1 of the Elven Halls
 21185 | Elf:1    | Reached skill level 15 in Necromancy
 21390 | Elf:1    | Noticed Donald
 21559 | Elf:1    | Killed Donald
 21576 | Elf:1    | Found a flickering gateway to a bazaar.
 21650 | Elf:1    | Paralysed by an air elemental for 1 turns
 21775 | Elf:1    | Found the +2 shield of Resistance {rF++ rC++ Will++}
 21822 | Elf:1    | Noticed a deep elf sorcerer
 21837 | Elf:1    | Killed from afar by a deep elf zephyrmancer

Illustrated notes

Levels and vault maps discovered:
D:1:      erik_arrival_blinker_ship, layout_basic, serial_shops, shop
D:2:      minmay_spotlight, layout_rooms, basic_ecumenical_altar, minivault_23,
          uniq_jessica
D:3:      layout_loops_ring, mainiacjoe_overflow_24_doors
D:4:      kennysheep_slugbush, layout_cave_pools,
          minmay_temple_entry_sparse_star, serial_shops, shop, uniq_grinder
D:5:      layout_layer_cave, lemuel_round_altar, minmay_ruined_shrine
D:6:      layout_gridville, nicolae_ru_awakened_eye, uniq_eustachio,
          uniq_duvessa
D:7:      layout_gridville, serial_shops, shop, gammafunk_ghost_mausoleum
D:8:      layout_loops_ring, elyvilon_altar_1
D:9:      layout_rooms, mainiacjoe_overflow_surrounded_room
D:10:     statuecave_lemuel, layout_irregular_city,
          nicolae_qazlal_style_of_elements, mainiacjoe_overflow_chevrons,
          kennysheep_mini, orc_0_dummy, trove_entry_hex_spiral,
          kennysheep_generic_room_3
D:11:     layout_basic, erik_lair_orcish_takeover, minmay_shop_mass,
          uniq_nergalle
D:12:     layout_loops_ring, gammafunk_ghost_cemetery, uniq_snorg
D:13:     evilmike_halls_of_destruction, layout_irregular_city, uniq_urug
D:14:     layout_irregular_city, david_vaults_2, corexii_hall_statues_x
D:15:     grunt_enter_depths_snipers, layout_irregular_city,
          kennysheep_treasure_room
Temple:   eino_narrow_crystal_temple
Orc:1:    layout_caves, serial_shops, shop
Orc:2:    st_orc_pillars, layout_caves, serial_shops, shop
Elf:1:    layout_onion_city, serial_shops, bzr_firewalk,
          hangedman_elf_represent, small_chamber_with_monster, uniq_donald
Depths:1: evilmike_marble_ring, layout_gridlike, marbit_kobold_abyss_entry,
          grunt_hell_entry_dis_old, slow_altar_2, minmay_shop_grove

Skill      XL: |  1  2  3  4  5  6  7  8  9 10 11 12 13 14 15 |
---------------+----------------------------------------------+-----
Short Blades   | 2 3 4 5 6 7 8 10 11 | 11.4
Stealth        | 1 2 3 4 6 8 9 |  9.0
Fighting       | 2 3 5 |  5.0
Dodging        | 2 3 5 |  5.0
Armour         | 1 2 |  2.0
Translocations | 4 6 |  6.0
Evocations     | 2 3 |  3.0
Shields        | 4 |  4.0
Necromancy     | 4 9 12 14 15 | 15.1
Spellcasting   | 4 7 9 11 | 11.6
Ice Magic      | 4 7 8 |  8.3
Throwing       | |  0.8

Action                   |  1- 3 |  4- 6 |  7- 9 | 10-12 | 13-15 || total
-------------------------+-------+-------+-------+-------+-------++-------
Melee: Short sword       |   112 |   143 |   264 |   405 |       ||   924
       Bite              |    29 |    52 |    92 |   395 |   342 ||   910
       Dagger            |     5 |    30 |     2 |     4 |     1 ||    42
       Quick blade       |       |       |       |   762 |   997 ||  1759
 Cast: Blink             |       |       |     5 |     2 |     7 ||    14
       Teleport Other    |       |       |     3 |    21 |    28 ||    52
       Lesser Beckoning  |       |       |     2 |    17 |    19 ||    38
       Simulacrum        |       |       |       |       |    16 ||    16
Invok: Receive Corpses   |       |       |       |       |     3 ||     3
Evoke: Wand              |       |       |     1 |       |       ||     1
  Use: Potion            |       |       |     1 |       |     1 ||     2
       Scroll            |       |       |       |    15 |     9 ||    24
 Stab: Sleeping          |     2 |     4 |     7 |    13 |    17 ||    43
       Distracted        |       |       |     1 |     3 |     5 ||     9
Armor: Leather armour    |    39 |    41 |    91 |       |       ||   171
       Steam dragon scal |       |       |    14 |    95 |       ||   109
       Skin              |       |       |     2 |       |       ||     2
       Robe              |       |       |       |    29 |    93 ||   122
Dodge: Dodged            |    71 |    77 |   185 |   313 |   173 ||   819
Block: Buckler           |       |       |       |   150 |    94 ||   244

Table legend: (Time is in decaauts)
 A = Elapsed time spent in this place.
 B = Non-inter-level travel time spent in this place.
 C = Inter-level travel time spent in this place.
 D = Time resting spent in this place.
 E = Time spent auto-exploring this place.
 F = Levels seen in this place.
 G = Mean time per level.
                   A        B        C        D        E       F      G
               +--------+--------+--------+--------+--------+-----+--------+
         Total |  20408 |  18284 |   2124 |    784 |  11041 |  21 |  971.8 |
       Dungeon |  15664 |  13933 |   1731 |    566 |   9585 |  15 | 1044.3 |
        Temple |     16 |     16 |      0 |      0 |      0 |   1 |   16.0 |
  Orcish Mines |   3303 |   2944 |    359 |    110 |   1450 |   2 | 1651.5 |
   Elven Halls |    796 |    763 |     33 |      0 |      0 |   1 |  796.0 |
        Depths |      5 |      5 |      0 |      0 |      0 |   1 |    5.0 |
         Abyss |    621 |    621 |      0 |    107 |      6 |   1 |  621.0 |
               +--------+--------+--------+--------+--------+-----+--------+

Top non-repeatable levels by time:
   Orc:2: 2806 daAuts
    D:13: 1641 daAuts
    D:12: 1445 daAuts
     D:5: 1408 daAuts
     D:1: 1334 daAuts
     D:4: 1154 daAuts
    D:15: 1153 daAuts
    D:10: 1062 daAuts
    D:11: 950 daAuts
    D:14: 948 daAuts
     D:7: 882 daAuts
     D:9: 846 daAuts
     D:2: 799 daAuts
   Elf:1: 796 daAuts
     D:8: 744 daAuts
